 Dungeon Crawl Stone Soup version 0.23.2-1-ga50397a (webtiles) character file.

Game seed: 12982456740120299556

23 troglodite the Conjurer (level 2, 0/13 HPs)
             Began as a Spriggan Conjurer on May 27, 2019.
             Slain by an ice beast (11 damage)
             ... on level 2 of the Dungeon.
             The game lasted 00:03:38 (1079 turns).

troglodite the Conjurer (Spriggan Conjurer)         Turns: 1079, Time: 00:03:39

Health: 0/13       AC:  2    Str:  4    XL:     2   Next: 75%
Magic:  1/6        EV: 18    Int: 16    God:
Gold:   106        SH:  0    Dex: 16    Spells: 3/6 levels left

rFire    . . .     SeeInvis +   e - +0 dagger
rCold    . . .     Gourm    .   (shield restricted)
rNeg     . . .     Faith    .   a - +0 robe
rPois    .         Spirit   .   (helmet restricted)
rElec    .         Reflect  .   (no cloak)
rCorr    .         Harm     .   (gloves unavailable)
MR       .....                  (boots unavailable)
Stlth    ++........             (no amulet)
HPRegen  0.04/turn              (no ring)
MPRegen  0.10/turn              (no ring)

@: very quick
A: very small, unfitting armour, see invisible, herbivore, speed 3, slow
metabolism 2
a: no special abilities


You were on level 2 of the Dungeon.
You were not hungry.

You visited 1 branch of the dungeon, and saw 2 of its levels.

You collected 106 gold pieces.

Inventory:

Hand Weapons
 e - a +0 dagger (weapon)
Armour
 a - a +0 robe (worn)
Jewellery
 f - a +5 ring of intelligence {unknown}
 h - a +3 ring of evasion {unknown}
Wands
 n - a wand of scattershot (6)
Scrolls
 b - 2 scrolls of fear {unknown}
 g - 2 scrolls of blinking {unknown}
 i - a scroll of immolation {unknown}
 j - 2 scrolls of identify {unknown}
 k - a scroll of random uselessness {unknown}
 l - a scroll of teleportation {unknown}
 m - a scroll of noise {unknown}
Potions
 d - 2 potions of haste {unknown}
 o - 2 potions of curing {unknown}
Comestibles
 c - 2 rations


   Skills:
 * Level 0.2 Fighting
 * Level 0.4 Short Blades
 * Level 3.1 Dodging
 * Level 3.3 Stealth
 * Level 2.9 Spellcasting
 * Level 3.3 Conjurations


You had 3 spell levels left.
You knew the following spells:

 Your Spells              Type           Power        Failure   Level  Hunger
a - Magic Dart            Conj           ##..         4%          1    #......
b - Searing Ray           Conj           ##....       8%          2    ##.....

Your spell library contained the following spells:

 Spells                   Type           Power        Failure   Level  Hunger
 Dazzling Spray           Conj/Hex       #.....       28%         3    ###....
 Iskenderun's Mystic Bla  Conj           ##......     43%         4    #####..
 Force Lance              Conj/Tloc      #.......     67%         4    #####..
 Fulminant Prism          Conj/Hex       #.........   67%         4    #####..


Dungeon Overview and Level Annotations

Branches:
Dungeon (2/15)

Altars:
The Shining One


Innate Abilities, Weirdness & Mutations

You are very small and have problems with some larger weapons.
You are too small for most types of armour.
You have supernaturally acute eyesight. (SInv)
You are a herbivore.
You cover ground extremely quickly.
You need to consume almost no food.


Message History

The ice beast is too close now for your liking.
Casting: Magic Dart (safe; 4% risk of failure)
Confirm with . or Enter, or press ? or * to list all spells.
Aiming: Searing Ray (safe; 8% risk of failure)
Press: ? - help, Shift-Dir - straight line, f/p - ice beast
Aim: an ice beast (hasn't noticed you)
The searing ray hits the ice beast.
The ice beast is lightly wounded. (Press . to maintain the ray.)
The searing ray hits the ice beast but does no damage.
The ice beast is lightly wounded.
The searing ray hits the ice beast!
The ice beast is heavily wounded.
The ice beast closely misses you.
The searing ray hits the ice beast!
The ice beast is severely wounded.
You finish channeling your searing ray.
The ice beast hits you. The ice beast freezes you!
Ouch! That really hurt!
You die...

#......# #.# #.[.
#####.###### #.# #......
......# #.# #.####.
#.##### #.#####.## ##
#..Y).# #####
#.#.......... #####.#
#...###.÷.......... #.#
#.........###.###..
####.##### #<..###÷###
#.# #.. #.......?###
##@## #.# #.# #..
#.##......... #Y# #.#
#.# #.> #
#..##.####.#.####÷# #.#
#). #..# #
#.........#####.###..
#..#
....................†..†
#..#
####..#.#########.####..
#..# ###### ### ##. #..#
#. #.!. #.


You could see an ice beast.

Vanquished Creatures
  A giant cockroach (D:2)
  3 jackals (D:2)
  7 kobolds
  A ball python (D:2)
  A bat (D:1)
  3 frilled lizards
  6 goblins
22 creatures vanquished.

Notes
Turn   | Place    | Note
-------+----------+-------------------------------------------
     0 | D:1      | troglodite the Spriggan Conjurer began the quest for the
                  | Orb.
     0 | D:1      | Reached XP level 1. HP: 9/9 MP: 5/5
   519 | D:1      | Reached XP level 2. HP: 13/13 MP: 3/6
   881 | D:2      | Found a glowing golden altar of the Shining One.
   993 | D:2      | Noticed an ice beast
  1062 | D:2      | Learned a level 2 spell: Searing Ray
  1079 | D:2      | Slain by an ice beast

Skill      XL: |  1 |
---------------+----+-----
Conjurations   | 3 |  3.3
Fighting       | |  0.2
Short Blades   | |  0.4
Dodging        | |  3.1
Stealth        | |  3.3
Spellcasting   | |  2.9

Action                   || total
-------------------------++-------
Melee: Dagger            ||    61
 Cast: Magic Dart        ||    30
       Searing Ray       ||     1
 Stab: Sleeping          ||     1
Armor: Robe              ||     4
Dodge: Dodged            ||    64
